Map: Habitation Station LE (Void)

Players

Musumeci - Winner!

  • Race: Zerg Zerg
  • League: Diamond
  • Spawn Location: 1:00

Maiheu

  • Race: Terran Terran
  • League: Diamond
  • Spawn Location: 11:00

VOD

Have the link to the VOD?

Description

Time

  • Played on: Jan. 7, 2017, 3:34 p.m.
  • Length: 16:35
Show
View Real Time Build Order
Export as new Build Order

Musumeci Zerg - Winner!

Build Orders: Hatch First 

Get SALT Encoding   

  12  0:00  Drone  
  13  0:08  Drone  
  14  0:14  Extractor  
  14  0:15  Drone  
  15  0:42  Hatchery  
  14  0:46  Drone, Extractor  
  15  1:03  Spawning Pool  
  14  1:07  Extractor  
  14  1:08  Drone  
  14  1:10  Extractor  
  13  1:12  Drone  
  16  1:20  Overlord  
  16  1:38  Drone x2  
  18  1:40  Drone  
  19  1:52  Queen  
  19  1:53  Queen  
  23  1:54  Drone  
  23  1:58  Drone  
  25  2:04  Overlord  
  25  2:09  Drone  
  25  2:15  Drone  
  27  2:25  Extractor  
  27  2:27  Queen  
  27  2:29  Queen  
  30  2:39  Drone x2  
  30  2:40  Drone x2  
  35  2:50  Drone x2  
  36  2:55  Overlord  
  36  2:57  Overlord  
  36  3:12  Overlord  
  36  3:15  Drone x7  
  36  3:18  Extractor  
  36  3:19  Extractor  
  41  3:21  Roach Warren  
  40  3:28  Drone  
  40  3:29  Drone  
  42  3:38  Hatchery  
  41  3:51  Evolution Chamber  
  41  3:52  Drone x4, Evolution Chamber  
  43  3:59  Drone x2  
  43  4:00  Drone  
  48  4:02  Roach  
  48  4:08  Roach  
  48  4:09  Roach  
  52  4:27  Roach x3  
  58  4:39  Spore Crawler  
  58  4:40  Roach  
  58  4:41  Overlord x2  
  58  4:42  Spore Crawler  
  58  4:44  Spore Crawler  
  58  4:45  Extractor, Spore Crawler  
  55  5:06  Roach x2  
  55  5:07  Roach  
  61  5:18  Zerg Missile Weapons Level 1  
  61  5:19  Lair  
  61  5:24  Drone x7  
  66  6:11  Roach  
  66  6:14  Zerg Ground Armor Level 1  
  68  6:19  Extractor  
  68  6:20  Glial Reconstitution  
  68  6:21  Drone x15  
  68  6:24  Overlord  
  68  6:25  Overlord x5, Extractor x2  
  80  6:40  Drone x2  
  80  6:44  Drone  
  80  6:45  Drone x3  
  87  6:47  Ravager x5  
  87  6:48  Roach x3  
  87  6:52  Drone x3  
  100  6:56  Drone  
  100  6:58  Roach  
  100  6:59  Roach x3  
  109  7:03  Ravager  
  102  7:20  Roach x6  
  102  7:21  Roach x3  
  99  7:33  Roach  
  99  7:34  Roach x7  
  100  7:41  Roach x2  
  100  7:43  Ravager  
  85  8:05  Ravager  
  85  8:06  Ravager  
  85  8:10  Roach x8  
  87  8:24  Drone x5  
  87  8:25  Queen, Drone x9  
  100  8:35  Overseer  
  100  8:52  Overseer  
  100  9:01  Roach x4  
  100  9:02  Roach x8  
  124  9:15  Queen  
  126  9:34  Overlord x6  
  116  10:13  Spore Crawler x2  
  102  10:17  Extractor  
  99  10:38  Zerg Missile Weapons Level 2, Zerg Ground Armor Level 2  
  99  10:41  Tunneling Claws  
  99  10:42  Infestation Pit  
  99  10:46  Queen  
  100  10:53  Hatchery, Extractor  
  100  10:55  Extractor  
  100  10:56  Drone x5  
  102  10:57  Drone  
  102  10:58  Drone x3  
  102  11:00  Drone x2  
  102  11:02  Drone  
  109  11:04  Drone  
  109  11:06  Drone  
  109  11:08  Ravager x9  
  109  11:11  Drone x3  
  123  11:12  Drone x3, Overlord x2  
  126  11:19  Hive  
  126  11:30  Queen  
  126  11:31  Drone x5  
  133  11:35  Roach x5  
  143  11:43  Overseer  
  143  11:48  Roach  
  143  11:49  Roach x3  
  151  12:10  Roach x9  
  143  12:31  Queen  
  143  12:35  Evolution Chamber  
  146  12:37  Ravager x11  
  146  12:40  Queen  
  157  12:47  Queen  
  157  12:49  Spore Crawler  
  158  12:54  Spine Crawler  
  158  12:56  Spine Crawler x2  
  158  12:57  Spine Crawler  
  154  13:01  Zerg Ground Armor Level 3, Zerg Missile Weapons Level 3  
  148  13:14  Roach x13  
  150  13:42  Roach x4  
  150  13:43  Roach x10  
  160  13:56  Roach x4  
  168  14:19  Roach x8  
  168  14:22  Overlord  
  174  15:02  Overlord x3  
  174  15:03  Overlord x3  
  174  15:23  Ravager x10  
  174  15:24  Ravager x15  
  166  16:21  Ravager  
  166  16:22  Ravager x2  
Show
View Real Time Build Order
Export as new Build Order

Maiheu Terran 

Build Orders: Reaper Expand, MMM Bio 

Get SALT Encoding   

  12  0:00  SCV  
  13  0:13  SCV  
  14  0:18  Supply Depot  
  14  0:25  SCV  
  15  0:40  SCV, Barracks  
  16  0:45  Refinery  
  16  0:52  SCV  
  17  1:04  SCV  
  18  1:21  SCV  
  19  1:28  Reaper  
  19  1:29  Supply Depot  
  20  1:33  Orbital Command  
  20  1:55  Command Center  
  20  2:00  Marine  
  21  2:10  Barracks  
  21  2:11  SCV  
  22  2:24  SCV  
  23  2:35  Marine  
  24  2:38  SCV  
  25  2:44  Factory  
  25  2:47  Refinery  
  25  2:50  SCV  
  26  2:56  Barracks Tech Lab  
  26  2:58  Barracks Reactor  
  26  3:02  SCV  
  27  3:14  SCV  
  27  3:17  SCV  
  27  3:19  Marine  
  30  3:20  Stimpack  
  30  3:30  SCV  
  30  3:31  Orbital Command  
  30  3:33  Starport  
  31  3:35  Marine x2  
  31  3:37  Marine  
  31  3:40  Factory Reactor  
  34  3:42  SCV  
  35  3:53  Marine  
  35  3:54  SCV  
  37  3:56  Marine  
  37  3:57  Marine  
  37  4:01  SCV, Supply Depot  
  40  4:06  SCV  
  41  4:11  Marine  
  41  4:13  SCV  
  41  4:14  Marine  
  44  4:19  Marine  
  45  4:26  SCV  
  45  4:27  SCV  
  45  4:28  Marine  
  45  4:29  Medivac x2  
  52  4:36  Supply Depot x2  
  54  4:46  SCV, Marine  
  54  4:51  Supply Depot  
  54  4:58  SCV, Marine x2  
  57  5:04  Marine  
  58  5:12  SCV  
  58  5:13  SCV  
  60  5:14  Medivac x2  
  60  5:16  Widow Mine, Marine x2  
  68  5:22  Marine  
  68  5:25  Barracks  
  69  5:28  Barracks x2  
  69  5:29  Liberator  
  69  5:34  Marine x2  
  71  5:37  Command Center  
  71  5:42  Marine  
  71  5:48  SCV x2  
  77  5:51  Marine  
  77  5:52  Marine  
  77  5:56  Liberator  
  75  6:00  Marine  
  75  6:03  Engineering Bay x2  
  76  6:06  Hellion  
  76  6:11  Supply Depot  
  78  6:13  Marauder  
  78  6:16  Marine x4  
  87  6:21  Supply Depot  
  87  6:31  Terran Infantry Weapons Level 1  
  87  6:38  Terran Infantry Armor Level 1  
  87  6:41  Refinery  
  87  6:43  Marine x2  
  87  6:44  Refinery  
  87  6:45  Barracks Tech Lab  
  89  6:48  Refinery  
  89  6:50  Refinery  
  89  6:53  SCV  
  85  7:18  Marine x3  
  85  7:19  Marauder x2, Marine  
  83  7:36  Marine x4  
  83  7:40  Marauder x2  
  83  8:00  Marine x3  
  83  8:02  Marauder x2  
  89  8:12  Marine  
  90  8:18  Marine x3  
  90  8:23  Marauder x2  
  87  8:30  Marine  
  87  8:31  SCV x2  
  87  8:33  Planetary Fortress  
  90  8:36  Marine x2  
  92  8:42  Armory  
  92  8:44  Marauder x2  
  96  8:49  SCV x2  
  96  8:53  Marine  
  100  8:58  Marine x2  
  100  9:06  Marauder x2, Barracks Tech Lab  
  100  9:07  Combat Shields  
  100  9:08  Concussive Shells  
  103  9:11  Factory Tech Lab, Marine  
  103  9:16  Marine  
  105  9:24  Marauder, Marine  
  105  9:27  Marauder, Marine  
  111  9:33  Marine  
  111  9:34  Widow Mine, Marine  
  111  10:02  Widow Mine  
  93  10:16  Marauder, Marine x3  
  93  10:17  Marauder x2  
  93  10:20  Medivac x2  
  97  10:22  Terran Infantry Weapons Level 2, Terran Infantry Armor Level 2  
  97  10:24  SCV x3  
  91  10:31  Widow Mine  
  91  10:34  Marine x3  
  86  10:38  Marauder x3  
  92  10:45  SCV x2  
  92  10:47  Liberator x2  
  94  10:52  Marine x3, Supply Depot  
  94  10:54  Supply Depot  
  94  10:56  SCV  
  99  10:57  SCV  
  99  10:59  Marauder x3, Command Center  
  99  11:03  Widow Mine  
  107  11:09  Marine x2  
  107  11:10  Marine, Terran Ship Weapons Level 1  
  116  11:17  SCV x2  
  118  11:20  Marine  
  118  11:21  Marauder x2  
  123  11:27  Marine x3  
  123  11:31  Widow Mine  
  128  11:39  Marauder  
  130  11:42  Marauder x2  
  130  11:45  Marine x3  
  137  11:48  Unknown  
  137  11:57  Unknown  
  137  12:00  Marauder  
  138  12:03  Marauder, Marine  
  141  12:11  Marauder, Marine x2  
  145  12:21  Marauder, Marine  
  128  12:25  Marauder  
  128  12:26  Liberator x2  
  128  12:29  Marine x2  
  131  12:33  Marauder  
  131  12:34  Planetary Fortress  
  133  12:38  Marine  
  133  12:42  Refinery  
  133  12:43  Marauder  
  142  12:46  Marauder, Marine x2  
  146  12:54  Marauder  
  146  12:56  Marine  
  149  13:04  Marauder, Marine  
  152  13:08  Marauder  
  153  13:13  Liberator x2  
  153  13:15  Marauder  
  129  13:25  Unknown x2  
  129  13:26  Marauder, Marine x2  
  108  13:27  Marine  
  108  13:29  Marauder  
  113  13:37  Marauder  
  109  13:44  Marine x2  
  109  13:47  Marauder  
  105  13:50  Marauder  
  105  13:52  Unknown x2  
  105  13:54  Marine  
  94  13:56  Liberator  
  94  13:58  Marauder  
  94  14:02  Marine x2  
  93  14:08  Marauder  
  95  14:12  Marauder  
  95  14:13  Medivac  
  103  14:20  Marauder, Marine x2  
  107  14:24  Command Center  
  107  14:30  Marauder  
  108  14:31  Barracks Tech Lab  
  108  14:33  Marauder  
  108  14:38  Marine  
  107  14:41  Marauder  
  107  14:43  Medivac  
  107  14:44  Marine  
  109  14:51  Marauder  
  109  14:54  Marauder  
  109  14:55  Marine, Medivac  
  98  15:02  Marauder  
  98  15:07  Liberator  
  98  15:08  Liberator  
  98  15:12  Marauder  
  96  15:16  Marauder  
  86  15:27  Marine x3  
  86  15:28  Marauder  
  89  15:34  Marauder  
  91  15:37  Marine  
  92  15:45  Marine x2  
  92  15:46  Marauder  
  92  15:47  Planetary Fortress  
  92  15:48  SCV x3  
  92  15:49  Marauder  
  101  15:50  Starport  
  101  15:52  Starport  
  101  15:54  Marine  
  100  15:58  Starport  
Tags
 
Add a new tag
Caveats
  • Supply blocks, unpowered buildings, or Contaminate may cause inaccurate times.
  • Supply counts are checked every 10 seconds.